 Dungeon Crawl Stone Soup version 0.31-a0-986-g5e6e4ef867 (webtiles) character file.

Game seed: 14083971498140273293

107 wildpjah the Gusty (level 4, -2/24 HPs)
             Began as a Tengu Air Elementalist on Nov 21, 2023.
             Killed by divine providence
             ... invoked by an orc priest
              (17 damage)
             ... on level 3 of the Dungeon.
             The game lasted 00:04:16 (1903 turns).

wildpjah the Gusty (Tengu Air Elementalist)         Turns: 1903, Time: 00:04:17

Health: -2/24      AC:  2    Str: 14    XL:     4   Next: 86%
Magic:  0/9        EV: 27    Int: 18    God:
Gold:   63         SH:  4    Dex: 14    Spells: 5/9 levels left

rFire   . . .        g - +0 dagger (venom)
rCold   . . .        f - +0 buckler
rNeg    . . .        a - +0 robe
rPois   .            (helmet restricted)
rElec   .            (no cloak)
rCorr   .            (no gloves)
SInv    +            (boots unavailable)
Will    .....        j - amulet of regeneration
Stlth   ++           c - +6 ring of strength
HPRegen 1.04/turn    i - ring of see invisible
MPRegen 0.11/turn

%: acrobat
@: acrobatic, very slightly contaminated
A: beak, talons 3, acrobatic
a: no special abilities


You were on level 3 of the Dungeon.
You visited 1 branch of the dungeon, and saw 3 of its levels.

You collected 63 gold pieces.

Inventory:

Hand Weapons
 d - a +0 dagger
 g - a +0 dagger of venom (weapon)
Armour
 a - a +0 robe (worn)
 f - a +0 buckler (worn)
Jewellery
 c - a +6 ring of strength (left hand)
 i - a ring of see invisible (right hand)
 j - an amulet of regeneration (around neck)
Scrolls
 e - 3 scrolls of identify {unknown}
Potions
 b - a potion of magic
 h - 3 potions of heal wounds {unknown}
 k - a potion of brilliance {unknown}


   Skills:
 + Level 2.3 Dodging
 + Level 2.3 Stealth
 + Level 0.2 Unarmed Combat
 + Level 3.1 Spellcasting
 + Level 2.6 Conjurations
 + Level 5.2 Air Magic


You had 5 spell levels left.
You knew the following spells:

 Your Spells              Type           Power      Damage    Failure   Level
a - Shock                 Conj/Air       68%        1d7       4%          1
b - Swiftness             Air            21%        N/A       8%          3

Your spell library contained the following spells:

 Spells                   Type           Power      Damage    Failure   Level
 Static Discharge         Conj/Air       34%        3-5/arc   6%          2
 Airstrike                Air            10%        2d(2-18)  24%         4


Dungeon Overview and Level Annotations

Branches:
Dungeon (3/15)

Altars:

Shops:
D:2 ?


Innate Abilities, Weirdness & Mutations

You have a beak for a mouth.
You have claws for feet.
You can magically evade attacks while moving or waiting.


Message History

The zap hits the giant cockroach.
You kill the giant cockroach!
k - a glowing grey potion An orc comes into view.
It is wielding a +0 flail of holy wrath.
You miscast Shock.
You are very lightly contaminated with residual magic.
Nothing appears to happen.
The zap hits the orc.
The orc is heavily wounded.
An orc comes into view. It is wielding a +0 mace.
The zap hits the orc.
The orc is heavily wounded.
The orc shouts!
You hear a shout!
An orc comes into view. It is wielding a +0 hand axe.
The zap misses the orc.
The zap hits the orc.
The orc is moderately wounded.
The zap hits the orc!
You kill the orc!
The zap misses the orc.
The zap hits the orc.
The orc is severely wounded.
An orc comes into view. It is wielding a +0 falchion.
You miscast Shock.
Nothing appears to happen.
An orc priest comes into view. It is wielding a +0 hand axe.
The zap hits the orc.
You kill the orc!
The zap hits the orc.
The orc is heavily wounded.
The orc priest shouts!
The zap hits the orc.
The orc is severely wounded.
You hit the orc.
You kill the orc!
The zap misses the orc.
The orc priest calls down the wrath of Beogh upon you.
Pain shoots through your body!
The orc priest invokes the aid of Beogh against you.
Beogh smites you!
Ouch! That really hurt!
You die...

####...... ..
###....##... ...
..+......... #..#
#.#.........
#.o###.#....#####
###.....#....#
........#†...#####
.......)..........
..).))..#@########
........###
.........
##########


You could see an orc priest.

Vanquished Creatures
  5 adders (D:2)
  A worm (D:2)
  4 orcs (D:3)
  5 ball pythons
  4 bats (D:2)
  9 endoplasms
  4 giant cockroaches
  3 hobgoblins
  2 jackals (D:2)
  6 kobolds
  2 frilled lizards (D:1)
  3 goblins (D:1)
  4 rats
52 creatures vanquished.

Notes
Turn   | Place    | Note
-------+----------+-------------------------------------------
     0 | D:1      | wildpjah the Tengu Air Elementalist began the quest for the
                  | Orb.
     0 | D:1      | Reached XP level 1. HP: 10/10 MP: 4/4
   162 | D:1      | Reached XP level 2. HP: 15/15 MP: 0/6
   816 | D:2      | Reached XP level 3. HP: 19/19 MP: 5/7
   885 | D:2      | Learned a level 3 spell: Swiftness
  1052 | D:2      | Reached skill level 5 in Air Magic
  1252 | D:2      | Reached XP level 4. HP: 24/24 MP: 6/9
  1561 | D:2      | Found Daith's Magic Scroll Shop.
  1903 | D:3      | Killed from afar by an orc priest

Illustrated notes

Levels and vault maps discovered:
D:1:      minmay_arrival_semitransparent, layout_rooms, solitary_fountain
D:2:      layout_loops_ring, serial_shops, nicolae_shop_peninsula, st_stairs_1
D:3:      kennysheep_big_flooded_room, layout_basic, hangedman_decor_push,
          minmay_gold_behind_fungi

Skill      XL: |  1  2  3  4 |
---------------+-------------+-----
Air Magic      | 5 |  5.2
Conjurations   | 2 |  2.6
Spellcasting   | 3 |  3.1
Dodging        | |  2.3
Stealth        | |  2.3
Unarmed Combat | |  0.2

Action                     |  1- 3 |  4- 6 || total
---------------------------+-------+-------++-------
  Melee: Unarmed           |     8 |       ||     8
         Kick              |     2 |       ||     2
         Dagger            |     1 |     1 ||     2
         Peck              |     1 |       ||     1
   Cast: Shock             |    57 |    42 ||    99
 Armour: Robe              |     9 |     2 ||    11
  Dodge: Dodged            |    16 |     5 ||    21
  Block: Buckler           |     2 |     4 ||     6

Table legend: (Time is in decaauts)
 A = Elapsed time spent in this place.
 B = Non-inter-level travel time spent in this place.
 C = Inter-level travel time spent in this place.
 D = Time resting spent in this place.
 E = Time spent auto-exploring this place.
 F = Levels seen in this place.
 G = Mean time per level.
                   A        B        C        D        E       F      G
               +--------+--------+--------+--------+--------+-----+--------+
         Total |   1900 |   1868 |     32 |     72 |   1513 |   3 |  633.3 |
       Dungeon |   1900 |   1868 |     32 |     72 |   1513 |   3 |  633.3 |
               +--------+--------+--------+--------+--------+-----+--------+

Top non-repeatable levels by time:
     D:2: 1081 daAuts
     D:1: 749 daAuts
     D:3: 69 daAuts
